 Dungeon Crawl Stone Soup version 0.23.1 (webtiles) character file.

Game seed: 11447892791517817115

4522 PikkenKukken the Grappler (level 10, -1/98 HPs)
             Began as a Troll Monk on Mar 8, 2019.
             Was a Believer of Okawaru.
             Slain by a seven-headed hydra (3 damage)
             ... on level 8 of the Dungeon.
             The game lasted 00:18:59 (7666 turns).

PikkenKukken the Grappler (Troll Monk)              Turns: 7666, Time: 00:19:00

Health: -1/98      AC:  8    Str: 17    XL:     10   Next: 17%
Magic:  8/10       EV: 17    Int:  6    God:    Okawaru [**....]
Gold:   467        SH:  0    Dex: 15    Spells: 9/9 levels left

rFire    . . .     SeeInvis +   d - +0 giant spiked club
rCold    . . .     Gourm    +   (shield currently unavailable)
rNeg     + . .     Faith    .   H - +2 robe of Courage {Regen+ Str-4 Stlth+}
rPois    .         Spirit   .   (helmet restricted)
rElec    .         Reflect  .   (no cloak)
rCorr    .         Harm     .   (gloves unavailable)
MR       .....                  (boots unavailable)
Stlth    ++++......             q - amulet of rage
HPRegen  1.06/turn              h - ring of positive energy
MPRegen  0.12/turn              B - ring of see invisible

@: heroism
A: large, unfitting armour, claws 3, fast metabolism 3, gourmand, regeneration
1, shaggy fur 1, tough skin 3
a: Heroism, Renounce Religion, Evoke Berserk Rage


You were on level 8 of the Dungeon.
You worshipped Okawaru.
Okawaru was pleased with you.
You were very full.

You visited 2 branches of the dungeon, and saw 9 of its levels.

You collected 467 gold pieces.

Inventory:

Hand Weapons
 b - a +4 hunting sling
 d - a +0 giant spiked club (weapon)
Missiles
 j - 90 stones
 n - 18 tomahawks (quivered)
Armour
 a - a +1 robe
 l - a +0 large shield
 H - the +2 robe of Courage (worn) {Regen+ Str-4 Stlth+}
   (You found it on level 6 of the Dungeon)

   It affects your strength (-4).
   It increases your rate of regeneration.
   It makes you more stealthy.
Jewellery
 h - a ring of positive energy (left claw)
 q - an amulet of rage (around neck)
 B - a ring of see invisible (right claw)
 D - an uncursed amulet of faith
Wands
 p - a wand of flame (16)
 t - a wand of paralysis (3)
 F - a wand of polymorph (15)
 I - a wand of scattershot (5)
Scrolls
 c - 4 scrolls of identify
 g - a scroll of enchant armour
 o - 3 scrolls of magic mapping
 s - 3 scrolls of remove curse
 y - a scroll of amnesia
 G - a scroll of noise
Potions
 e - 6 potions of curing
 f - a potion of haste
 k - 3 potions of mutation
 r - a potion of resistance
 u - a potion of brilliance
 v - a potion of flight {unknown}
 w - a potion of invisibility {unknown}
 x - a potion of heal wounds {unknown}
 z - a potion of ambrosia {unknown}
 A - 2 potions of lignification
 C - a potion of cancellation {unknown}
 E - a potion of degeneration {unknown}
 K - a potion of berserk rage {unknown}
Comestibles
 i - 12 rations


   Skills:
 + Level 6.0(11.0) Fighting
 + Level 5.7(10.7) Throwing
 + Level 6.0(11.0) Dodging
 - Level 1.0(6.0) Stealth
 * Level 10.0(15.0) Unarmed Combat
 + Level 1.5 Invocations


You had 9 spell levels left.
You didn't know any spells.
Your spell library was empty.

Dungeon Overview and Level Annotations

Branches:
Dungeon (8/15)             Temple (1/1) D:7
   Lair: D:8-11

Altars:
Ashenzari
Cheibriados
Dithmenos
Elyvilon
Fedhas
Gozag
Hepliaklqana
Kikubaaqudgha
Makhleb
Nemelex Xobeh
Okawaru
Qazlal
Ru
Sif Muna
Trog
Uskayaw
Vehumet
Wu Jian
Yredelemnul
Zin
The Shining One


Innate Abilities, Weirdness & Mutations

You are too large for most types of armour.
You have claws for hands.
Your metabolism is lightning-fast.
You like to eat raw meat.
Your natural rate of healing is unusually fast.
You are covered in fur. (AC +1)
You have extremely tough skin. (AC +3)


Message History

The seven-headed hydra closely misses you.
The seven-headed hydra bites you!
You puncture the seven-headed hydra!
The seven-headed hydra is moderately wounded.
The seven-headed hydra closely misses you.
The seven-headed hydra bites you!
* * * LOW HITPOINT WARNING * * *
The seven-headed hydra bites you!
* * * LOW HITPOINT WARNING * * *
The seven-headed hydra bites you!
* * * LOW HITPOINT WARNING * * *
The seven-headed hydra bites you.
* * * LOW HITPOINT WARNING * * *
The seven-headed hydra barely misses you.
The seven-headed hydra bites you but does no damage.
You puncture the seven-headed hydra!
The seven-headed hydra is moderately wounded.
The seven-headed hydra closely misses you.
The seven-headed hydra bites you.
You die...

#.###...#####.##.......#
#.#........##..#.......#
#.#.#...##.##..........#
#.#.#...#...#..........#
#.#.#...#...#...###.####
#.#D#####...#...# #.#
#.#.# #...##.## #.#
#.#.#####...##..# #.#
#.#.#.D@#..[###.# #.#
####### #.#.#.###...#
#.# #.# ......#
#.#...##....###.###.#
......#
#.######.........##.#
......#
#......).......#.##.#
......#
########.......#.##.#
......# #.......#.##.#
......# #.......#.##.#
<.....# #.......#..#.#


You could see a seven-headed hydra.

Vanquished Creatures
  Pikel (D:7)
  2 hippogriffs
  Sigmund (D:3)
  A hungry ghost (D:7)
  An orc warrior (D:6)
  An ice beast (D:5)
  A sky beast (D:5)
  A necrophage (D:8)
  A phantom (D:7)
  8 ogres
  A centaur (D:5)
  A big kobold (D:8)
  3 bullfrogs
  2 scorpions
  6 killer bees (D:7)
  4 howler monkeys
  3 crimson imps
  2 quasits (D:7)
  A bullfrog zombie (D:3)
  4 orc priests
  A gnoll shaman (D:7)
  A bullfrog skeleton (D:8)
  3 hounds
  4 jellies
  Ijyb (D:4)
  Natasha (thrice) (D:3)
  6 orc wizards
  4 worker ants
  Terence (D:3)
  A killer bee zombie (D:5)
  2 worker ant zombies
  9 adders
  5 gnolls
  A shadow imp (D:8)
  2 oozes
  An adder zombie (D:7)
  3 adder skeletons
  4 worms
  5 dart slugs
  4 leopard geckos
  28 orcs
  7 ball pythons
  9 giant cockroaches
  3 goblins
  11 hobgoblins
  13 jackals
  11 kobolds
  5 quokkas
  7 bats
  3 frilled lizards
  A jackal skeleton (D:4)
  A jackal zombie (D:5)
  A leopard gecko zombie (D:6)
  2 quokka skeletons
  9 rats
217 creatures vanquished.

Vanquished Creatures (others)
  A hippogriff (D:7)
  2 slaves (D:7)
3 creatures vanquished.

Grand Total: 220 creatures vanquished

Notes
Turn   | Place    | Note
-------+----------+-------------------------------------------
     0 | D:1      | PikkenKukken the Troll Monk began the quest for the Orb.
     0 | D:1      | Reached XP level 1. HP: 22/22 MP: 0/0
   244 | D:1      | Found a glowing golden altar of the Shining One.
   269 | D:1      | Reached XP level 2. HP: 29/29 MP: 1/1
   532 | D:1      | Reached XP level 3. HP: 29/36 MP: 2/2
  1142 | D:2      | Reached skill level 4 in Unarmed Combat
  1465 | D:2      | Reached XP level 4. HP: 44/44 MP: 3/3
  1773 | D:3      | Noticed Natasha
  1779 | D:3      | Killed Natasha
  1886 | D:3      | Noticed Terence
  1897 | D:3      | Killed Terence
  2032 | D:3      | Reached XP level 5. HP: 37/53 MP: 4/4
  2052 | D:3      | Reached skill level 1 in Throwing
  2207 | D:3      | Noticed Natasha
  2231 | D:3      | Killed Natasha
  2334 | D:3      | Reached skill level 5 in Unarmed Combat
  2428 | D:3      | Noticed Sigmund
  2444 | D:3      | Killed Sigmund
  2444 | D:3      | Reached XP level 6. HP: 61/61 MP: 5/5
  2449 | D:3      | Noticed Natasha
  2456 | D:3      | Killed Natasha
  2478 | D:3      | Found an ornate altar of the Wu Jian Council.
  2643 | D:3      | Found a blossoming altar of Fedhas.
  2942 | D:4      | Noticed Ijyb
  2942 | D:4      | Paralysed by Ijyb for 3 turns
  2967 | D:4      | Paralysed by Ijyb for 6 turns
  2983 | D:4      | Killed Ijyb
  3004 | D:4      | Reached XP level 7. HP: 34/68 MP: 6/6
  3141 | D:4      | Reached skill level 6 in Unarmed Combat
  3666 | D:5      | Entered Level 5 of the Dungeon
  3796 | D:5      | Reached XP level 8. HP: 73/78 MP: 7/7
  3880 | D:5      | Reached skill level 7 in Unarmed Combat
  4410 | D:5      | Found a sacrificial altar of Ru.
  4445 | D:5      | Found a deep blue altar of Sif Muna.
  4445 | D:5      | Found a glowing golden altar of the Shining One.
  4448 | D:5      | Found an ancient bone altar of Kikubaaqudgha.
  4844 | D:6      | You fall through a shaft for 2 floors!
  4858 | D:8      | Reached skill level 8 in Unarmed Combat
  5149 | D:8      | Noticed a hippogriff
  5179 | D:8      | Reached skill level 5 in Fighting
  5179 | D:8      | Reached skill level 5 in Dodging
  5185 | D:8      | Reached XP level 9. HP: 81/88 MP: 8/8
  5198 | D:8      | Noticed a seven-headed hydra
  5485 | D:7      | Noticed Pikel
  5659 | D:7      | Reached skill level 5 in Throwing
  5659 | D:7      | Reached skill level 9 in Unarmed Combat
  5669 | D:7      | Found a staircase to the Ecumenical Temple.
  5681 | Temple   | Entered the Ecumenical Temple
  5847 | Temple   | Became a worshipper of Warmaster Okawaru
  5847 | Temple   | Reached * piety under Okawaru
  5847 | Temple   | Reached ** piety under Okawaru
  5972 | D:7      | Killed Pikel
  6101 | D:6      | Got an ominously black robe
  6112 | D:6      | Identified the +2 robe of Courage {Regen+ Str-4 Stlth+}
                  | (You found it on level 6 of the Dungeon)
  6117 | D:6      | Found a snail-covered altar of Cheibriados.
  6582 | D:6      | Reached XP level 10. HP: 79/98 MP: 9/9
  6622 | D:7      | Reached skill level 1 in Invocations
  7135 | D:8      | Reached skill level 10 in Unarmed Combat
  7665 | D:8      | HP: 1/98 [seven-headed hydra (5)]
  7666 | D:8      | Slain by a seven-headed hydra

Skill      XL: |  1  2  3  4  5  6  7  8  9 10 |
---------------+-------------------------------+-----
Unarmed Combat | 4 5 6 8 9 10 | 10.0
Dodging        | 3 4 5 6 |  6.0
Fighting       | 3 4 5 6 |  6.0
Throwing       | 2 3 4 5 |  5.7
Invocations    | 1 |  1.5
Stealth        | |  1.0

Action                   |  1- 3 |  4- 6 |  7- 9 | 10-12 || total
-------------------------+-------+-------+-------+-------++-------
Melee: Unarmed           |   110 |   145 |   302 |    64 ||   621
       Punch             |     2 |     3 |     9 |       ||    14
       Giant spiked club |       |       |       |     2 ||     2
 Fire: Hunting sling     |       |     3 |    39 |       ||    42
Throw: Tomahawk          |       |       |    24 |     5 ||    29
Invok: Heroism           |       |       |     2 |     2 ||     4
Evoke: Wand              |       |       |       |     3 ||     3
  Use: Scroll            |     7 |     5 |     8 |     2 ||    22
       Potion            |       |       |       |     1 ||     1
 Stab: Sleeping          |     4 |     3 |     4 |     1 ||    12
  Eat: Chunk             |    19 |    14 |    37 |    10 ||    80
       Ration            |       |       |     1 |       ||     1
Armor: Robe              |    45 |    40 |    87 |    32 ||   204
Dodge: Dodged            |    54 |    64 |   192 |    83 ||   393
